 Dungeon Crawl Stone Soup version 0.10.2-40-g36e0077 character file.

696 NoUsername02 the Insei (level 7, -2/52 HPs)
             Began as a Human Monk on June 11, 2012.
             Slain by Duvessa
             ... wielding a +1,+0 elven sabre
              (13 damage)
             ... on Level 4 of the Dungeon.
             The game lasted 00:19:55 (3898 turns).

NoUsername02 the Insei (Human Monk)                 Turns: 3898, Time: 00:19:55

HP  -2/52        AC  4     Str 12      XL: 7   Next: 32%
MP   8/8         EV 15     Int 11      God:
Gold 220         SH  0     Dex 17      Spells:  0 memorised,  8 levels left

Res.Fire  : . . .   See Invis. : .     - Unarmed
Res.Cold  : . . .   Warding    : . . f - +0 elf robe
Life Prot.: + . .   Conserve   : .   (no shield)
Res.Acid. : . . .   Res.Corr.  : .   (no helmet)
Res.Poison: .       Clarity    : .   c - +0 dwarf cloak
Res.Elec. : .       Spirit.Shd : .   (no gloves)
Sust.Abil.: . .     Stasis     : .   a - +0 pair of boots
Res.Mut.  : .       Ctrl.Telep.: .   (no amulet)
Res.Rott. : .       Levitation : .   (no ring)
Saprovore : . . .   Ctrl.Flight: .   j - cursed ring of life protection

@: slightly resistant to hostile enchantments, fairly stealthy
A: Dex +1
a: no special abilities


You were on level 4 of the Dungeon.
You were hungry.

You visited 1 branch of the dungeon, and saw 4 of its levels.

You collected 220 gold pieces.

Inventory:

Missiles
 g - 2 curare-tipped +0 needles
 i - 2 +0 throwing nets (quivered)
 n - 21 poisoned +0 needles
Armour
 a - a +0 pair of boots (worn)
 c - a +0 dwarven cloak (worn)
 f - a +0 elven robe (worn)
Magical devices
 o - a wand of invisibility (0)
Comestibles
 b - a bread ration
 d - 2 meat rations
 l - 3 rotting chunks of ogre flesh
 m - 12 strawberries
Scrolls
 e - a scroll of remove curse
 p - a scroll of detect curse
Jewellery
 j - a cursed ring of life protection (left hand)


   Skills:
 + Level 4,4 Fighting
 + Level 4,4 Dodging
 - Level 2,0 Stealth
 * Level 6,4 Unarmed Combat
 + Level 1,1 Spellcasting


You had 8 spell levels left.
You didn't know any spells.

Dungeon Overview and Level Annotations

Branches:
Dungeon (4/27)
 Temple: D:4-7

Altars:
Xom

Shops:
D:4: *

Annotations
D:4 Dowan, Duvessa


Innate Abilities, Weirdness & Mutations

You are agile (Dex +1).


Message History

You feel better. Duvessa closely misses you.
Dowan gestures wildly while chanting.
Dowan blinks!
You hit Duvessa but do no damage. Your headbutt misses Duvessa.
Duvessa is lightly wounded.
Duvessa hits you with an elven sabre.
* * * LOW HITPOINT WARNING * * *
Duvessa closely misses you.
You punch Duvessa!
Duvessa is moderately wounded.
Duvessa hits you with an elven sabre.
* * * LOW HITPOINT WARNING * * *
Drink which item? (? for menu, Esc to quit)
You feel better. Duvessa hits you with an elven sabre.
* * * LOW HITPOINT WARNING * * *
Read which item? (? for menu, Esc to quit)
As you read the scroll labeled FRACYA SAPN, it crumbles to dust.
Your ring of life protection glows black for a moment.
It was a scroll of curse jewellery.
Duvessa hits you with an elven sabre!
You die...

######################
#....................#
#.#................#.#
#..##............##..#
#..#.#.........e#.#..#
....#.##......##@#...#
.....##.#....#(##....#
.....#.#.#..#.#.#....#
......#.##..##.#.....#
.......##....##......#
.e.....#......#......#
.......#......#......#
.......##....##......#
......#.##..##.#.....#


You could see Duvessa.

Vanquished Creatures
  The ghost of ancientsurvivor the Skirmisher, an average HOSk of Kikubaaqudgha (D:4)
  An ogre (D:4)
  A hound (D:3)
  Jessica (D:3)
  4 adders
  3 gnolls
  2 giant mites (D:2)
  A worm (D:3)
  2 giant geckos
  5 orcs (D:3)
  5 giant cockroaches
  6 hobgoblins
  6 kobolds
  A ball python (D:2)
  8 bats
  A giant newt (D:2)
  3 goblins
  7 rats
  A plant (D:1)
59 creatures vanquished.

Vanquished Creatures (others)
  A giant newt (D:2)
  2 toadstools
3 creatures vanquished.

Grand Total: 62 creatures vanquished

Notes
Turn   | Place    | Note
--------------------------------------------------------------
     0 | D:1      | NoUsername02, the Human Monk, began the quest for the Orb.
     0 | D:1      | Reached XP level 1. HP: 16/16 MP: 0/0
   174 | D:1      | Found a shimmering altar of Xom.
   174 | D:1      | Found a shimmering altar of Xom.
   174 | D:1      | Found a shimmering altar of Xom.
   174 | D:1      | Found a shimmering altar of Xom.
   175 | D:1      | Found a shimmering altar of Xom.
   176 | D:1      | Found a shimmering altar of Xom.
   354 | D:1      | Reached XP level 2. HP: 15/22 MP: 1/1
   826 | D:2      | Reached XP level 3. HP: 22/28 MP: 2/2
  1699 | D:2      | Reached XP level 4. HP: 34/34 MP: 3/3
  2258 | D:3      | Gained mutation: You are agile (Dex +1).
  2370 | D:3      | Noticed Jessica
  2393 | D:3      | Killed Jessica
  2393 | D:3      | Reached XP level 5. HP: 22/40 MP: 4/4
  2762 | D:3      | Reached skill level 5 in Unarmed Combat
  3365 | D:4      | Reached XP level 6. HP: 31/46 MP: 5/5
  3680 | D:4      | Found Icuinun's General Store.
  3731 | D:4      | Noticed ancientsurvivor's ghost (average HOSk)
  3745 | D:4      | Killed ancientsurvivor's ghost
  3745 | D:4      | Reached skill level 6 in Unarmed Combat
  3745 | D:4      | Reached skill level 1 in Spellcasting
  3745 | D:4      | Reached XP level 7. HP: 21/52 MP: 6/8
  3844 | D:4      | Noticed Duvessa
  3849 | D:4      | Noticed Dowan
  3898 | D:4      | Slain by Duvessa
